 Dungeon Crawl Stone Soup version 0.30-a0-122-g2a1322497e (webtiles) character file.

Game seed: 2517870376643214670

20 Newt the Ducker (level 2, 0/23 HPs)
             Began as a Demonspawn Gladiator on Sept 16, 2022.
             Slain by an adder (3 damage)
             ... on level 2 of the Dungeon.
             The game lasted 00:01:12 (1143 turns).

Newt the Ducker (Demonspawn Gladiator)              Turns: 1143, Time: 00:01:13

Health: 0/23       AC:  9    Str: 14    XL:     2   Next: 58%
Magic:  2/2        EV: 12    Int:  9    God:
Gold:   74         SH:  0    Dex: 12    Spells: 1/1 levels left

rFire   . . .      SeeInvis +    a - +0 rapier
rCold   . . .      Faith    .    (no shield)
rNeg    . . .      Spirit   .    b - +0 leather armour
rPois   .          Reflect  .    (no helmet)
rElec   .          Harm     .    (no cloak)
rCorr   .          Rampage  .    (no gloves)
Will    .....                    (no boots)
Stlth   ++........               (no amulet)
HPRegen 0.07/turn                (no ring)
MPRegen 0.08/turn                (no ring)

@: sanguine armoured
A: sanguine armour 1, see invisible, clumsy 1
a: no special abilities


You were on level 2 of the Dungeon.
You visited 1 branch of the dungeon, and saw 2 of its levels.

You collected 74 gold pieces.

Inventory:

Hand Weapons
 a - a +0 rapier (weapon)
Armour
 b - a +0 leather armour (worn)
 c - a +0 helmet
Jewellery
 i - a ring of protection from cold
Scrolls
 f - a scroll of fear
 g - a scroll of enchant armour {unknown}
 j - 2 scrolls of teleportation


   Skills:
 + Level 2.3 Fighting
 - Level 2.6 Short Blades
 - Level 1.7 Throwing
 - Level 2.6 Dodging
 - Level 2.0 Stealth


You had one spell level left.
You didn't know any spells.
Your spell library contained the following spells:

 Spells                   Type           Power      Damage    Failure   Level
 Sublimation of Blood     Necr           0%         N/A       61%         2
 Wereblood                Tmut           0%         N/A       61%         2
 Summon Hydra             Summ           0%         N/A       100%        7


Dungeon Overview and Level Annotations

Branches:
Dungeon (2/15)

Altars:


Innate Abilities, Weirdness & Mutations

When seriously injured, your blood forms armour. (AC +6)
You have supernaturally acute eyesight. (SInv)
You are clumsy. (Dex -2)


Message History

The adder is heavily wounded.
The adder bites you but does no damage.
You miss the adder.
The adder is heavily wounded.
The adder misses you. x2
Unknown command.
You hit the adder but do no damage.
The adder is heavily wounded.
The adder bites you but does no damage.
Unknown command.
You closely miss the adder.
The adder is heavily wounded.
The adder barely misses you. The adder bites you but does no damage.
Unknown command.
You barely miss the adder.
The adder is moderately wounded.
The adder barely misses you.
Unknown command.
You completely miss the adder.
The adder is moderately wounded.
The adder bites you but does no damage. The adder barely misses you.
Unknown command.
You closely miss the adder.
The adder is moderately wounded.
The adder bites you.
* * * LOW HITPOINT WARNING * * *
Unknown command.
You closely miss the adder.
The adder is moderately wounded.
The adder bites you but does no damage.
Unknown command.
You hit the adder.
The adder is almost dead.
The adder misses you. The adder bites you.
* * * LOW HITPOINT WARNING * * *
Unknown command.
You barely miss the adder.
The adder is almost dead.
The adder bites you.
You die...

####################
#...........##......
#...................
#..@...[....##......
##..S........#.......
##########...(...#......#.####
$...........####......#.......
............##....###.#..<....
............##........#.#.###.
............##.....##.........
.........(..##........#.....#.
............##.....##.........


You could see an adder.

Vanquished Creatures
  A worm (D:2)
  3 endoplasms
  A giant cockroach (D:1)
  4 hobgoblins
  2 kobolds
  2 ball pythons (D:2)
  A rat (D:1)
14 creatures vanquished.

Notes
Turn   | Place    | Note
-------+----------+-------------------------------------------
     0 | D:1      | Newt the Demonspawn Gladiator began the quest for the Orb.
     0 | D:1      | Reached XP level 1. HP: 16/16 MP: 1/1
   210 | D:1      | Reached skill level 1 in Stealth
   850 | D:1      | Gained mutation: When seriously injured, your blood forms
                  | armour. (AC +6) [demonic ancestry]
   850 | D:1      | Reached XP level 2. HP: 22/22 MP: 2/2
   956 | D:2      | Gained mutation: You have a pair of small antennae on your
                  | head. [potion of mutation]
   957 | D:2      | Lost mutation: You have a pair of small antennae on your
                  | head. [potion of mutation]
   957 | D:2      | Gained mutation: You have supernaturally acute eyesight.
                  | (SInv) [potion of mutation]
   957 | D:2      | Gained mutation: You are clumsy. (Dex -2) [potion of
                  | mutation]
  1143 | D:2      | Slain by an adder

Illustrated notes

Levels and vault maps discovered:
D:1:      zaba_arrival_water, layout_basic, serial_bayou, serial_bayou_lagoon_a,
          serial_bayou_pond_c, serial_bayou_lake_a, serial_bayou_crossing,
          minmay_split_cup_small
D:2:      layout_basic, basic_altar, solitary_fountain, minmay_pentomino_s4

Skill      XL: |  1  2 |
---------------+-------+-----
Stealth        | 1 2 |  2.0
Fighting       | |  2.3
Short Blades   | |  2.6
Throwing       | |  1.7
Dodging        | |  2.6

Action                   || total
-------------------------++-------
Melee: Rapier            ||    65
       Punch             ||     1
Throw: Throwing net      ||     3
       Javelin           ||     1
  Use: Scroll            ||     3
       Potion            ||     2
 Stab: Held in net/web   ||     2
       Sleeping          ||     2
Armor: Leather armour    ||    18
Dodge: Dodged            ||    26

Table legend: (Time is in decaauts)
 A = Elapsed time spent in this place.
 B = Non-inter-level travel time spent in this place.
 C = Inter-level travel time spent in this place.
 D = Time resting spent in this place.
 E = Time spent auto-exploring this place.
 F = Levels seen in this place.
 G = Mean time per level.
                   A        B        C        D        E       F      G
               +--------+--------+--------+--------+--------+-----+--------+
         Total |   1197 |   1150 |     47 |      0 |   1003 |   2 |  598.5 |
       Dungeon |   1197 |   1150 |     47 |      0 |   1003 |   2 |  598.5 |
               +--------+--------+--------+--------+--------+-----+--------+

Top non-repeatable levels by time:
     D:1: 1004 daAuts
     D:2: 193 daAuts
